 Dungeon Crawl Stone Soup version 0.27.1-34-g3ba077fa99 (webtiles) character file.

Game seed: 12795024428897958733

147 McKennaii the Poker (level 5, 0/41 HPs)
             Began as a Demonspawn Fighter on Jan 16, 2022.
             Killed by divine providence
             ... invoked by an orc priest
              (12 damage)
             ... on level 3 of the Dungeon.
             The game lasted 00:03:52 (3289 turns).

McKennaii the Poker (Demonspawn Fighter)            Turns: 3289, Time: 00:03:53

Health: 0/41       AC:  9    Str: 24    XL:     5   Next: 8%
Magic:  5/5        EV:  7    Int:  9    God:
Gold:   127        SH:  9    Dex: 12    Spells: 4/4 levels left

rFire    . . .     SeeInvis .   a - +0 trident
rCold    . . .     Faith    .   c - +0 kite shield
rNeg     . . .     Spirit   .   b - +0 scale mail
rPois    .         Reflect  .   (no helmet)
rElec    .         Harm     .   (no cloak)
rCorr    +         Rampage  .   (no gloves)
Will     .....                  (no boots)
Stlth    ..........             (no amulet)
HPRegen  0.13/turn              f - +6 ring of strength
MPRegen  0.09/turn              m - ring of resist corrosion

@: mighty
A: molten scales 2
a: no special abilities


You were on level 3 of the Dungeon.
You visited 1 branch of the dungeon, and saw 4 of its levels.

You collected 127 gold pieces.

Inventory:

Hand Weapons
 a - a +0 trident (weapon)
Armour
 b - a +0 scale mail (worn)
 c - a +0 kite shield (worn)
Jewellery
 f - a +6 ring of strength (left hand)
 m - a ring of resist corrosion (right hand)
Wands
 p - a wand of flame (27)
Scrolls
 e - a scroll of torment {unknown}
 g - 2 scrolls of enchant armour {unknown}
 h - 4 scrolls of teleportation {unknown}
 j - 2 scrolls of enchant weapon {unknown}
 o - a scroll of magic mapping {unknown}
 q - a scroll of holy word {unknown}
 r - a scroll of blinking {unknown}
Potions
 i - a potion of degeneration {unknown}
 l - a potion of mutation {unknown}
 n - a potion of resistance {unknown}


   Skills:
 - Level 3.0 Fighting
 * Level 3.7 Polearms
 + Level 3.4 Armour
 + Level 3.4 Shields


You had 4 spell levels left.
You didn't know any spells.
Your spell library contained the following spells:

 Spells                   Type           Power      Damage    Failure   Level
 Gell's Gravitas          Tloc           0%         N/A       100%        3
 Lesser Beckoning         Tloc           0%         N/A       100%        3
 Teleport Other           Tloc           0%         N/A       100%        3


Dungeon Overview and Level Annotations

Branches:
Dungeon (4/15)
 Temple: D:4-7

Altars:
Fedhas
Zin


Innate Abilities, Weirdness & Mutations

You are mostly covered in molten scales. (AC +3)


Message History

The orc hits you but does no damage.
The orc priest hits you but does no damage.
You have reached level 5!
It was a potion of curing.
You feel better. The orc hits you but does no damage. x2
The orc priest hits you but does no damage.
You hit the orc priest but do no damage.
You block the orc's attack. The orc hits you but does no damage.
The orc priest hits you but does no damage.
You block the orc's attack.
Unknown command.
You hit the orc priest but do no damage.
The orc barely misses you. You block the orc priest's attack.
The orc hits you with a +0 flail.
* * * LOW HITPOINT WARNING * * *
The orc barely misses you. You block the orc priest's attack.
Unknown command.
You feel better. The orc hits you with a +0 flail. You block the orc's attack.
The orc priest hits you but does no damage.
Unknown command.
You barely miss the orc priest. The orc closely misses you.
The orc hits you with a +0 club.
* * * LOW HITPOINT WARNING * * *
You block the orc priest's attack.
Unknown command.
You feel very mighty all of a sudden. The orc barely misses you.
The orc hits you but does no damage.
The orc priest hits you but does no damage.
You hit the orc priest.
The orc priest is heavily wounded.
You block the orc's attack. The orc barely misses you.
You block the orc priest's attack. The orc completely misses you.
The orc misses you.
The orc priest hits you but does no damage.
You closely miss the orc priest.
The orc priest is heavily wounded.
The orc closely misses you. The orc hits you but does no damage.
The orc priest invokes the aid of Beogh against you.
Beogh smites you!
You die...

.# #.)>.......### #..oo##......
.# #............### ###...##.....
.###.....###......#####.#.##.....
.....#..#####...........#..#.....
......#.....#..........###.##.##.
.......####............# #..#....
..)....# ###..........# #..#...
.......# ##.....)(#######...##
.......# ###..@o...............
.......# #...)oo#......###.)##.
......## #.............###.....
.......#####..###.#.......#..###.
........##......#.#...[..........
............[....................
####[..###.......#........#....#.
≈≈..#..# #......###......##....##
.§§.#.####......# #.....o#......#


You could see an orc priest and 2 orcs.

Vanquished Creatures
  An orc wizard (D:3)
  4 adders
  A dart slug (D:2)
  3 orcs (D:3)
  6 endoplasms
  7 giant cockroaches
  6 hobgoblins
  9 jackals
  4 quokkas
  7 ball pythons (D:1)
  4 bats
  2 frilled lizards
  7 goblins
  12 kobolds
  2 rats
75 creatures vanquished.

Notes
Turn   | Place    | Note
-------+----------+-------------------------------------------
     0 | D:1      | McKennaii the Demonspawn Fighter began the quest for the
                  | Orb.
     0 | D:1      | Reached XP level 1. HP: 18/18 MP: 1/1
   235 | D:1      | Gained mutation: You are partially covered in molten
                  | scales. (AC +2) [demonic ancestry]
   235 | D:1      | Reached XP level 2. HP: 24/24 MP: 2/2
   738 | D:1      | Gained mutation: You are mostly covered in molten scales.
                  | (AC +3) [demonic ancestry]
   738 | D:1      | Reached XP level 3. HP: 29/29 MP: 3/3
  1567 | D:2      | Reached XP level 4. HP: 32/35 MP: 4/4
  1910 | D:2      | Found a faded altar of an unknown god.
  3009 | D:3      | You fall into a shaft and drop 1 floor!
  3162 | D:3      | Found a blossoming altar of Fedhas.
  3282 | D:3      | Reached XP level 5. HP: 4/41 MP: 5/5
  3289 | D:3      | Killed from afar by an orc priest

Illustrated notes

Levels and vault maps discovered:
D:1:      lightli_arrival_noodles, layout_basic, minmay_octomino_c4
D:2:      layout_basic, basic_altar, hellmonk_ecumenical_altar_prayer_group,
          columned_hall_lemuel, guppyfry_early_lair_pool
D:3:      layout_rooms, mainiacjoe_overflow_paths, minmay_misc_feat_iff
D:4:      layout_loops_cross, lemuel_tele_altar, okawaru_metal_pillars_1_2,
          minmay_temple_entry_glass, uniq_sigmund

Skill      XL: |  1  2  3 |
---------------+----------+-----
Polearms       | 2 3 |  3.7
Armour         | 3 |  3.4
Shields        | 3 |  3.4
Fighting       | |  3.0

Action                   |  1- 3 |  4- 6 || total
-------------------------+-------+-------++-------
Melee: Trident           |   141 |   107 ||   248
  Use: Potion            |       |     3 ||     3
Armor: Scale mail        |    83 |    65 ||   148
Dodge: Dodged            |    34 |    38 ||    72
Block: Kite shield       |    57 |    64 ||   121
